 Dungeon Crawl Stone Soup version 0.32-a0-799-g95e1662 (webtiles) character file.

Game seed: 4258451877301114144

5944 Dorkslayer the Cleaver (level 10, -5/69 HPs)
             Began as an Octopode Fighter on Mar 21, 2024.
             Was a Believer of Okawaru.
             Slain by a yak (14 damage)
             ... on level 9 of the Dungeon.
             The game lasted 00:18:02 (6690 turns).

Dorkslayer the Cleaver (Octopode Fighter)           Turns: 6690, Time: 00:18:02

Health: -5/69      AC:  1    Str: 20    XL:     10   Next: 83%
Magic:  12/12      EV: 14    Int: 14    God:    Okawaru [**....]
Gold:   617        SH:  4    Dex: 12    Spells: 9/9 levels left

rFire   . . .        q - +6 war axe of Greed {flame, Int+4}
rCold   . . .        b - +0 buckler
rNeg    . . .        (helmet currently unavailable)
rPois   +            u - amulet of the acrobat
rElec   .            r - ring of resist corrosion
rCorr   +            (no ring)
SInv    .            (no ring)
Will    .....        (no ring)
Stlth   ++++         (no ring)
HPRegen 0.31/turn    (no ring)
MPRegen 0.13/turn    (no ring)
                     (no ring)

%: acrobat
@: beast-form, hasted, very quick
A: beast (slay +1), almost no armour, amphibious, 8 rings, camouflage 1,
gelatinous body 1, (nimble swimmer 1), tentacles
a: Begin Untransformation, Renounce Religion, Heroism


You were on level 9 of the Dungeon.
You worshipped Okawaru.
Okawaru was pleased with you.
You were a hulking beast.
You visited 2 branches of the dungeon, and saw 10 of its levels.

You collected 617 gold pieces.

Inventory:

Hand Weapons
 q - the +6 war axe of Greed (weapon) {flame, Int+4}
   (You found it on level 3 of the Dungeon)

   Int+4:     It affects your intelligence (+4).
 y - a +3 war axe
 z - a +2 war axe of electrocution
Missiles
 h - a curare-tipped dart (quivered)
 w - 8 boomerangs
Armour
 b - a +0 buckler (worn)
Jewellery
 r - a ring of resist corrosion (left tentacle)
 u - an amulet of the acrobat (around mantle)
Talismans
 c - the beast talisman of Card Tricks (active) {rPois rCorr}
   (You acquired it on level 7 of the Dungeon)

   [beast talisman]

   rPois:     It protects you from poison.
   rCorr:     It protects you from acid and corrosion.
Wands
 a - a wand of warping (2)
 p - a wand of flame (49)
 t - a wand of digging (3)
Scrolls
 d - 2 scrolls of poison
 f - a scroll of summoning
 i - a scroll of vulnerability {unknown}
 j - 5 scrolls of teleportation
 l - 3 scrolls of immolation
 m - 2 scrolls of blinking
 o - a scroll of revelation {unknown}
 x - a scroll of amnesia {unknown}
Potions
 g - 3 potions of enlightenment
 k - 2 potions of curing
 n - a potion of brilliance
 s - a potion of berserk rage {unknown}


   Skills:
 + Level 6.3 Fighting
 + Level 9.0 Axes
 + Level 0.6 Throwing
 + Level 7.3 Dodging
 + Level 6.8 Stealth
 + Level 4.1 Shields
 * Level 3.2 Invocations
 * Level 7.3 Evocations
 * Level 2.8 Shapeshifting


You had 9 spell levels left.
You didn't know any spells.
Your spell library contained the following spells:

 Spells                   Type           Power      Damage    Failure   Level
 Freeze                   Ice            0%         1d3       34%         1
 Kiss of Death            Conj/Necr      0%         2d5       34%         1
 Slow                     Hex            0%         N/A       34%         1
 Cigotuvi's Dreadful Rot  Necr/Alch/Air  0%         N/A       47%         2
 Mercury Vapours          Alch/Air       0%         N/A       47%         2
 Confusing Touch          Hex            0%         N/A       71%         3
 Dazzling Flash           Conj/Hex       0%         N/A       71%         3
 Frozen Ramparts          Ice            0%         1d1       71%         3
 Hailstorm                Conj/Ice       0%         3d5       71%         3
 Inner Flame              Hex/Fire       0%         N/A       71%         3
 Mephitic Cloud           Conj/Alch/Air  0%         N/A       71%         3
 Vampiric Draining        Necr           0%         2d6       71%         3
 Dispel Undead            Necr           0%         3d6       98%         4
 Flame Wave               Conj/Fire      0%         2d4       98%         4
 Ignite Poison            Fire/Alch      0%         N/A       98%         4
 Sticky Flame             Fire/Alch      0%         2d4       98%         4
 Curse of Agony           Necr           0%         N/A       100%        5
 Freezing Cloud           Conj/Ice/Air   0%         6-21      100%        5
 Silence                  Hex/Air        0%         N/A       100%        5
 Starburst                Conj/Fire      0%         6d3       100%        6
 Maxwell's Capacitive Co  Air            0%         ∞         100%        8


Dungeon Overview and Level Annotations

Branches:
Dungeon (9/15)             Temple (1/1) D:7
   Lair: D:8-11         Orc: D:9-12

Altars:
Ashenzari
Cheibriados
Dithmenos
Elyvilon
Fedhas
Gozag
Hepliaklqana
Kikubaaqudgha
Makhleb
Nemelex Xobeh
Okawaru
Qazlal
Ru
Sif Muna
Trog
Uskayaw
Vehumet
Wu Jian
Xom
Yredelemnul
Zin
The Shining One

Shops:
D:6 [


Innate Abilities, Weirdness & Mutations

You are a hulking beast.
Your limbs bulge with bestial killing power. (Slay +1)
You cannot wear most types of armour.
You are amphibious.
You can wear up to eight rings at the same time.
Your skin changes colour to match your surroundings (Stealth+).
Your rubbery body absorbs attacks. (AC +1, EV +1)
((You are camouflaged when in or above water. (Stealth+)))
You have tentacles for arms and can constrict up to eight enemies at once.


Message History

Unknown command.
You slash the yak! You burn the yak. You squeeze the yak, but do no damage.
The yak is moderately wounded.
You hit the yak but do no damage. The yak gores you!
An orc warrior comes into view. It is wielding a +0 glaive.
Unknown command.
You closely miss the yak.
The orc warrior shouts!
Your squeeze misses the yak.
The yak is heavily wounded.
You hit the kobold. You burn the kobold.
You kill the kobold!
You completely miss the yak.
You hear a shout!
The yak gores you. The yak gores you!
You hit the yak. You burn the yak.
The yak is severely wounded.
You slash the yak! You burn the yak. You barely miss the yak.
The yak gores you.
* * * LOW HITPOINT WARNING * * *
You block the yak's attack. The yak completely misses you.
The yak snorts and paws the ground.
You hit the yak. You burn the yak. Your squeeze misses the yak.
The yak is almost dead.
You hit the yak but do no damage. You barely miss the yak.
You block the yak's attack. The yak closely misses you. The yak gores you.
* * * LOW HITPOINT WARNING * * *
Unknown command.
You feel much better. The yak gores you!
* * * LOW HITPOINT WARNING * * *
The yak gores you!
* * * LOW HITPOINT WARNING * * *
You block the yak's attack.
You feel much better. The yak gores you!
* * * LOW HITPOINT WARNING * * *
The yak gores you!
* * * LOW HITPOINT WARNING * * *
You block the yak's attack.
You feel yourself speed up. The yak gores you!
You die...

#####.....#...#.#
#.........#...#.#
#.........#...#.#
#.........#...#.###
#.........#####....
#..................
#..#######.........
#..# #.........
#Yh# #.........
#YY# #.........
#YY# #.........
#YYY...............
#oo...##+###.......
#.....# #.....>.
#.....# #.....#
......#


You could see 8 yaks, an orc warrior and an orc.

Vanquished Creatures
  A sixfirhy (D:7)
  Joseph (D:8)
  The ghost of Lovepenguin the Covered, a novice AtFi (D:5)
  4 kobold demonologists (D:9)
  Psyche (D:9)
  A troll (D:8)
  A hornet (D:5)
  Grinder (D:5)
  A wyvern (D:7)
  A water moccasin (D:7)
  2 orc warriors
  An ice beast (D:7)
  A sky beast (D:7)
  An ogre (D:5)
  A black bear (D:6)
  3 centaurs
  3 kobold brigands
  2 bullfrogs
  4 scorpions
  8 wights
  2 howler monkeys (D:9)
  2 bombardier beetles
  A jelly (D:5)
  5 orc priests
  3 hounds
  2 sleepcaps
  2 iguanas (D:5)
  3 orc wizards
  3 gnolls (D:7)
  6 adders
  3 shadow imps (D:3)
  5 white imps
  4 ufetubi
  2 ribbon worms
  A dart slug (D:1)
  21 orcs
  5 endoplasms
  2 giant cockroaches (D:1)
  4 goblins
  8 hobgoblins
  4 jackals (D:3)
  16 kobolds
  4 quokkas
  3 ball pythons
  9 bats
  3 frilled lizards (D:2)
  7 rats
169 creatures vanquished.

Notes
Turn   | Place    | Note
-------+----------+-------------------------------------------
     0 | D:1      | Dorkslayer the Octopode Fighter began the quest for the
                  | Orb.
     0 | D:1      | Reached XP level 1. HP: 16/16 MP: 1/1
   112 | D:1      | Reached XP level 2. HP: 14/21 MP: 2/2
   734 | D:2      | Reached XP level 3. HP: 18/26 MP: 3/3
   846 | D:2      | Reached skill level 1 in Stealth
   914 | D:2      | Reached XP level 4. HP: 31/31 MP: 4/4
   993 | D:2      | Identified the +4 hand axe of Bafurph {venom, rC+}
  1389 | D:3      | Found a radiant altar of Vehumet.
  1442 | D:3      | Found a transporter.
  1531 | D:3      | Reached XP level 5. HP: 16/36 MP: 5/5
  1697 | D:3      | Found a hazy altar of Hepliaklqana.
  1844 | D:3      | Reached skill level 1 in Evocations
  2000 | D:3      | Found a transporter.
  2041 | D:3      | Reached skill level 3 in Axes
  2046 | D:3      | Reached XP level 6. HP: 18/43 MP: 6/6
  2163 | D:3      | Identified the +6 war axe of Greed {flame, Int+4}
  2645 | D:4      | You fall into a shaft and drop 2 floors!
  2670 | D:6      | Reached XP level 7. HP: 39/47 MP: 7/7
  2695 | D:6      | Reached skill level 4 in Axes
  2710 | D:5      | Entered Level 5 of the Dungeon
  2749 | D:5      | Noticed Grinder
  2759 | D:5      | Killed Grinder
  2760 | D:5      | Reached skill level 5 in Dodging
  3401 | D:5      | Reached XP level 8. HP: 51/54 MP: 8/8
  3481 | D:5      | Found a runed translucent gate.
  3481 | D:5      | Found a runed translucent gate.
  3481 | D:5      | Found an opulent altar of Gozag.
  3481 | D:5      | Found a runed translucent gate.
  3507 | D:5      | Noticed Lovepenguin's ghost (novice AtFi)
  3507 | D:5      | Noticed a hornet
  3514 | D:5      | Killed a hornet
  3515 | D:5      | Reached skill level 5 in Axes
  3518 | D:5      | Reached skill level 5 in Stealth
  3524 | D:5      | Killed Lovepenguin's ghost
  3525 | D:5      | Reached skill level 6 in Axes
  3732 | D:5      | Reached skill level 5 in Evocations
  3825 | D:5      | Reached XP level 9. HP: 60/60 MP: 9/9
  4075 | D:6      | Found Heynyawn's Armour Emporium.
  4132 | D:6      | Reached skill level 5 in Fighting
  4808 | D:7      | Reached skill level 7 in Axes
  4854 | D:7      | Found a runed translucent door.
  4856 | D:7      | Found a burning altar of Makhleb.
  4856 | D:7      | Noticed a sixfirhy
  4860 | D:7      | Killed a sixfirhy
  4971 | D:7      | Identified a scroll of acquirement
  4971 | D:7      | Acquired the beast talisman of Card Tricks {rPois rCorr}
  5028 | D:7      | Found a staircase to the Ecumenical Temple.
  5052 | Temple   | Entered the Ecumenical Temple
  5065 | Temple   | Became a worshipper of Warmaster Okawaru
  5248 | D:7      | Reached XP level 10. HP: 68/68 MP: 10/10
  5415 | D:8      | Reached skill level 8 in Axes
  5415 | D:8      | Reached skill level 1 in Invocations
  5415 | D:8      | Reached skill level 1 in Shapeshifting
  5782 | D:8      | Reached * piety under Okawaru
  5964 | D:8      | Noticed Joseph
  5969 | D:8      | Killed Joseph
  6388 | D:9      | Noticed Psyche
  6392 | D:9      | Killed Psyche
  6436 | D:9      | Noticed a kobold demonologist
  6455 | D:9      | Noticed a kobold demonologist
  6456 | D:9      | Noticed a kobold demonologist
  6458 | D:9      | Noticed a kobold demonologist
  6462 | D:9      | Killed a kobold demonologist
  6465 | D:9      | Killed a kobold demonologist
  6465 | D:9      | Reached ** piety under Okawaru
  6469 | D:9      | Killed a kobold demonologist
  6472 | D:9      | Killed a kobold demonologist
  6473 | D:9      | Reached skill level 9 in Axes
  6690 | D:9      | Slain by a yak

Illustrated notes

Levels and vault maps discovered:
D:1:      lightli_arrival_noodles, layout_loops_ring
D:2:      layout_basic, minmay_pentomino_w2
D:3:      gammafunk_wand_slinger, layout_basic, nicolae_vehumet_radiance,
          mainiacjoe_overflow_small_starburst, grunt_decor_junction
D:4:      layout_basic, minmay_misc_feat_nine_boxes
D:5:      layout_basic, ebering_ghost_gozag, uniq_grinder
D:6:      layout_basic, nicolae_take_the_stairs, kennysheep_generic_room_5
D:7:      layout_cave_pools, nzn_makhleb_speed_demon, temple_statues
D:8:      layout_gridville, hangedman_decor_growths, uniq_joseph
D:9:      layout_irregular_city, orc_0_dummy, uniq_psyche
Temple:   compressed_dpeg_triangle_lava_temple

Skill      XL: |  1  2  3  4  5  6  7  8  9 10 |
---------------+-------------------------------+-----
Stealth        | 1 2 3 4 5 6 |  6.8
Dodging        | 4 5 6 7 |  7.3
Evocations     | 1 2 3 5 6 7 |  7.3
Axes           | 3 4 6 7 9 |  9.0
Fighting       | 4 5 6 |  6.3
Shields        | 4 |  4.1
Invocations    | 3 |  3.2
Shapeshifting  | 2 |  2.8
Throwing       | |  0.6

Action                     |  1- 3 |  4- 6 |  7- 9 | 10-12 || total
---------------------------+-------+-------+-------+-------++-------
  Melee: War axe           |    41 |    20 |    94 |    60 ||   215
         Constrict         |    14 |    11 |    19 |    18 ||    62
         Tentacles         |     9 |     7 |    16 |    11 ||    43
         Hand axe          |       |    33 |       |       ||    33
  Throw: Boomerang         |       |       |     3 |       ||     3
         Dart              |       |       |       |     1 ||     1
  Evoke: Wand              |       |    13 |     5 |     9 ||    27
    Use: Scroll            |       |     2 |    10 |     1 ||    13
         Potion            |       |       |     6 |     3 ||     9
   Stab: Sleeping          |     6 |     3 |     6 |     1 ||    16
 Armour: Skin              |    13 |    28 |    51 |    39 ||   131
  Dodge: Dodged            |    18 |    36 |    66 |    43 ||   163
  Block: Buckler           |     3 |    11 |    14 |    16 ||    44
   Form: Beast             |       |       |     1 |       ||     1

Table legend: (Time is in decaauts)
 A = Elapsed time spent in this place.
 B = Non-inter-level travel time spent in this place.
 C = Inter-level travel time spent in this place.
 D = Time resting spent in this place.
 E = Time spent auto-exploring this place.
 F = Levels seen in this place.
 G = Mean time per level.
                   A        B        C        D        E       F      G
               +--------+--------+--------+--------+--------+-----+--------+
         Total |   6750 |   6750 |      0 |    321 |   3838 |  10 |  675.0 |
       Dungeon |   6723 |   6723 |      0 |    321 |   3838 |   9 |  747.0 |
        Temple |     26 |     26 |      0 |      0 |      0 |   1 |   26.0 |
               +--------+--------+--------+--------+--------+-----+--------+

Top non-repeatable levels by time:
     D:3: 1245 daAuts
     D:8: 855 daAuts
     D:6: 807 daAuts
     D:4: 785 daAuts
     D:5: 714 daAuts
     D:1: 710 daAuts
     D:7: 646 daAuts
     D:2: 491 daAuts
     D:9: 467 daAuts
  Temple: 26 daAuts
